 Dungeon Crawl Stone Soup version 0.22-a0-389-g8519d86 (webtiles) character file.

529 Kairos the Chopper (level 7, -4/37 HPs)
             Began as a Vine Stalker Fighter on Apr 30, 2018.
             Slain by Grinder (8 damage)
             ... while paralysed by Grinder
             ... on level 4 of the Dungeon.
             The game lasted 00:04:31 (2739 turns).

Kairos the Chopper (Vine Stalker Fighter)           Turns: 2739, Time: 00:04:32

Health: -4/37      AC:  8    Str: 21      XL:     7   Next: 24%
Magic:  0/8        EV:  2    Int:  7 (8)  God:
Gold:   194        SH:  0    Dex: 11 (13) Spells: 6/6 levels left

rFire    . . .     SeeInvis .   a - +2 war axe
rCold    + . .     Gourm    .   c - +0 shield
rNeg     . . .     Faith    .   b - +0 scale mail
rPois    .         Spirit   +   (helmet restricted)
rElec    .         Reflect  .   (no cloak)
rCorr    .         Harm     .   (no gloves)
MR       .....                  i - +0 pair of boots
Stlth    +.........             (no amulet)
HPRegen  0.92/turn              p - ring of stealth
MPRegen  0.11/turn              (no ring)

@: paralysed
A: fangs 2, horns 1, cold resistance 1, deterioration 1, regeneration 2, magic
shield, antimagic bite, no potion heal 3, rot immunity
a: no special abilities


You were on level 4 of the Dungeon.
You were not hungry.

You visited 1 branch of the dungeon, and saw 4 of its levels.

You collected 194 gold pieces.

Inventory:

Hand Weapons
 a - a +2 war axe (weapon)
 u - a +2 antimagic mace
Armour
 b - a +0 scale mail (worn)
 c - a +0 shield (worn)
 i - a +0 pair of boots (worn)
Jewellery
 p - a ring of stealth (left hand)
Wands
 e - a wand of polymorph (1)
Scrolls
 g - 4 scrolls of remove curse
 j - a scroll of magic mapping
 k - a scroll of fear {unknown}
 m - 2 scrolls of identify
 q - 2 scrolls of immolation
 r - a scroll of teleportation {unknown}
 t - a scroll of noise {unknown}
Potions
 d - a potion of might
 h - a potion of flight
 l - a potion of heal wounds
 o - 2 potions of cancellation {unknown}
 v - a potion of curing
Comestibles
 f - 6 rations
 n - 3 chunks of flesh


   Skills:
 + Level 3.6 Fighting
 + Level 4.5 Axes
 + Level 3.7 Armour
 + Level 0.8 Dodging
 + Level 4.0 Shields
 + Level 0.2 Unarmed Combat


You had 6 spell levels left.
You didn't know any spells.

Dungeon Overview and Level Annotations

Branches:
Dungeon (4/15)
 Temple: D:4-7

Altars:
Cheibriados
Qazlal
Wu Jian

Annotations:
D:4 Grinder


Innate Abilities, Weirdness & Mutations

You have extremely sharp teeth.
You heal very quickly.
When hurt, damage is shared between your health and your magic reserves.
Your bite disrupts and absorbs the magic of your enemies.
Potions cannot restore your health.
You are immune to rotting.
You have a pair of small horns on your head.
Your flesh is cold resistant. (rC+)
Your body sometimes deteriorates upon taking damage.


Message History

The orc wizard barely misses you.
The orc wizard looks satisfied for a moment.
The orc hits you but does no damage. Grinder hits you.
You writhe in agony.
The orc wizard barely misses you. The orc hits you with a war axe.
Grinder hits you.
You writhe in agony.
Your body deteriorates!
You feel dopey.
The orc wizard hits you but does no damage.
The orc hits you but does no damage. The orc completely misses you.
Grinder hits you.
You writhe in agony.
The orc wizard points at you and mumbles some strange words.
The puff of frost hits you! The orc hits you but does no damage. x2
Grinder gestures at you. Pain shoots through your body!
* * * LOW HITPOINT WARNING * * *
The orc wizard points at you and mumbles some strange words.
The puff of frost hits you! You resist.
* * * LOW HITPOINT WARNING * * *
The orc hits you with a short sword. Grinder hits you!
You die...

#. #. .......# #..
.. #....#.# #.. .
#......# #.# .# .
#...#.###.# .##..
#......#.# .....
#......#.####..##
#>.......##.o...#..
##..)..#...@o.....$
#.....#.##5o......
##
###.###.##.....##.
#. ########.#
#........# #.
.........#
#.......###.# #.
########.#
#.####### #.# #.
###.# #.# #.# #.
#...# #.# #.# #.
#.### #.# #.# ##(


You could see Grinder, an orc wizard and 2 orcs.

Vanquished Creatures
  An ogre (D:4)
  Blork the orc (D:4)
  A scorpion (D:4)
  2 orc priests
  3 orc wizards
  A bullfrog skeleton (D:4)
  A worker ant (D:4)
  Robin (D:4)
  8 adders
  8 orcs
  2 giant cockroaches
  11 goblins
  7 hobgoblins
  A ball python (D:2)
  9 bats
  7 frilled lizards
  4 kobolds
  A quokka skeleton (D:4)
  6 rats
75 creatures vanquished.

Notes
Turn   | Place    | Note
-------+----------+-------------------------------------------
     0 | D:1      | Kairos the Vine Stalker Fighter began the quest for the Orb.
     0 | D:1      | Reached XP level 1. HP: 11/11 MP: 2/2
   155 | D:1      | Reached XP level 2. HP: 16/16 MP: 3/3
   948 | D:2      | Reached XP level 3. HP: 12/20 MP: 2/4
  1484 | D:2      | Found a snail-covered altar of Cheibriados.
  1511 | D:2      | Gained mutation: Your natural rate of healing is unusually fast. [Vine Stalker growth]
  1511 | D:2      | Reached XP level 4. HP: 20/24 MP: 3/5
  1689 | D:2      | Found an ornate altar of the Wu Jian Council.
  1794 | D:2      | Found a stormy altar of Qazlal.
  1959 | D:3      | Reached XP level 5. HP: 23/28 MP: 6/6
  2397 | D:4      | Noticed Robin
  2406 | D:4      | Killed Robin
  2406 | D:4      | Reached XP level 6. HP: 27/32 MP: 7/7
  2431 | D:4      | Gained mutation: Your body sometimes deteriorates upon taking damage. [potion of mutation]
  2431 | D:4      | Gained mutation: You have a pair of small horns on your head. [potion of mutation]
  2431 | D:4      | Gained mutation: Your flesh is cold resistant. (rC+) [potion of mutation]
  2431 | D:4      | Gained mutation: You heal very quickly. [potion of mutation]
  2518 | D:4      | Noticed Blork the orc
  2572 | D:4      | Killed Blork the orc
  2648 | D:4      | Reached XP level 7. HP: 26/36 MP: 6/8
  2729 | D:4      | Noticed Grinder
  2733 | D:4      | Paralysed by Grinder for 7 turns
  2739 | D:4      | Slain by Grinder

Vault maps used:
D:1:      minmay_arrival_stone_box
D:2:      nicolae_qazlal_eye_of_the_storm, marbit_many_paths,
          cheibriados_altar_1, kennysheep_generic_room_15
D:3:      minmay_door_path
D:4:      old_standard_altar, first_ration, uniq_blork_the_orc, uniq_grinder,
          uniq_robin

Skill      XL: |  1  2  3  4  5  6  7 |
---------------+----------------------+-----
Axes           | 2 3 4 |  4.5
Shields        | 3 4 |  4.0
Fighting       | 3 |  3.6
Armour         | 3 |  3.7
Dodging        | |  0.8
Unarmed Combat | |  0.2

Action                   |  1- 3 |  4- 6 |  7- 9 || total
-------------------------+-------+-------+-------++-------
Melee: War axe           |   101 |   125 |    12 ||   238
       Bite              |    19 |    30 |     3 ||    52
       Unarmed           |       |    11 |       ||    11
       Headbutt          |       |     3 |     2 ||     5
  Use: Scroll            |       |     6 |       ||     6
       Potion            |       |     6 |       ||     6
  Eat: Chunk             |     1 |     5 |       ||     6
Armor: Scale mail        |    48 |    58 |     8 ||   114
       Skin              |       |     8 |       ||     8
Dodge: Dodged            |    29 |    35 |     5 ||    69
Block: Shield            |    53 |    62 |     4 ||   119

Table legend:
 A = Spawn XP
 B = Non-spawn XP
 C = Spawn XP percentage of total XP
 D = Spawn monster count
 E = Non-spawn monster count
 F = Spawn count percentage of total count
 G = Total turns spent on level
                    A         B        C        D         E        F      G
               +---------+---------+-------+---------+---------+-------+---------
         Total |       0 |     757 |   0.0 |       0 |      75 |   0.0 |  2739
               +---------+---------+-------+---------+---------+-------+---------
           D:1 |       0 |      27 |   0.0 |       0 |      20 |   0.0 |   848
           D:2 |       0 |      81 |   0.0 |       0 |      15 |   0.0 |   992
           D:3 |       0 |     187 |   0.0 |       0 |      22 |   0.0 |   533
           D:4 |       0 |     462 |   0.0 |       0 |      18 |   0.0 |   366
               +---------+---------+-------+---------+---------+-------+---------
